 Dungeon Sprint DCSS version 0.31-a0-276-ge00219d475 (webtiles) character file.

Game seed: 12980879864915886352

2904 Conn the Arsonist (level 9, -11/57 HPs)
             Began as an Octopode Fire Elementalist on July 15, 2023.
             Was an Elder of Sif Muna.
             Killed by divine providence
             ... invoked by an orc priest
              (12 damage)
             ... in the Dungeon (Sprint III: "The Ten Rune Challenge").
             The game lasted 00:11:50 (1109 turns).

Conn the Arsonist (Octopode Fire Elementalist)      Turns: 1109, Time: 00:11:53

Health: -11/57     AC:  1    Str:  8    XL:     9   Next: 78%
Magic:  18/23      EV: 15    Int: 21    God:    Sif Muna [****..]
Gold:   63         SH:  0    Dex: 12    Spells: 13/29 levels left

rFire   . . .        h - +3 quarterstaff (chaos)
rCold   . . .        (shield currently unavailable)
rNeg    . . .        (helmet restricted)
rPois   .            (no amulet)
rElec   +            (no ring)
rCorr   .            (no ring)
SInv    .            (no ring)
Will    .....        (no ring)
Stlth   ++++         (no ring)
HPRegen 0.29/turn    (no ring)
MPRegen 0.18/turn    (no ring)
                     (no ring)

%: no teleportation
@: no status effects
A: almost no armour, amphibious, 8 rings, camouflage 1, gelatinous body 1,
(nimble swimmer 1), tentacles, antennae 1, robust 1, electricity resistance
a: Renounce Religion, Channel Magic, Forget Spell, Divine Exegesis


You were in the Dungeon.
You worshipped Sif Muna.
Sif Muna was greatly pleased with you.
You visited 1 branch You collected 63 gold pieces.

Inventory:

Hand Weapons
 g - a +4 club
 h - a +3 quarterstaff of chaos (weapon)
Scrolls
 j - a scroll of immolation
 m - a scroll of torment
Potions
 a - a potion of magic
 b - 2 potions of curing
 i - 2 potions of mutation
 l - 3 potions of enlightenment


   Skills:
 + Level 0.7 Fighting
 + Level 2.5(3.4) Maces & Flails
 + Level 3.4(3.9) Staves
 + Level 5.6 Dodging
 - Level 7.0 Stealth
 + Level 0.3 Unarmed Combat
 + Level 10.9 Spellcasting
 + Level 5.4 Conjurations
 + Level 3.5 Hexes
 * Level 7.0 Summonings
 + Level 13.1 Fire Magic
 * Level 5.7 Invocations


You had 13 spell levels left.
You knew the following spells:

 Your Spells              Type           Power      Damage    Failure   Level
a - Foxfire               Conj/Fire      100%       2x1d9     1%          1
b - Scorch                Fire           100%       2d9       1%          2
c - Inner Flame           Hex/Fire       46%        N/A       1%          3
d - Flame Wave            Conj/Fire      50%        2d12      1%          4
e - Summon Cactus Giant   Summ           20%        N/A       45%         6

Your spell library contained the following spells:

 Spells                   Type           Power      Damage    Failure   Level
 Volatile Blastmotes      Fire/Tloc      78%        2d16      1%          3


Dungeon Overview and Level Annotations

Branches:
Dungeon (1/1)

Altars:
Cheibriados
Dithmenos
Elyvilon
Fedhas
Gozag
Hepliaklqana
Kikubaaqudgha
Makhleb
Nemelex Xobeh
Okawaru
Qazlal
Ru
Sif Muna
Trog
Uskayaw
Vehumet
Wu Jian
Xom
Yredelemnul
Zin
The Shining One
Jiyva
Lugonu


Innate Abilities, Weirdness & Mutations

You cannot wear most types of armour.
You are amphibious.
You can wear up to eight rings at the same time.
Your skin changes colour to match your surroundings (Stealth+).
Your rubbery body absorbs attacks. (AC +1, EV +1)
((You are camouflaged when in or above water. (Stealth+)))
You have tentacles for arms and can constrict up to eight enemies at once.
You have a pair of small antennae on your head.
You are robust. (+10% HP)
You are resistant to electric shocks. (rElec)


Message History

Flames lash the hellwing.
The hellwing is lightly wounded.
The hellwing's fire resistance burns away.
The orc high priest is engulfed in blazing flames.
Flame seeps out of the orc high priest.
The orc priest miscasts a cantrip.
The hellwing hits you! The hellwing hits you.
Unknown command.
Unknown command.
Casting: Scorch (safe; 1% risk of failure)
Confirm with . or Enter, or press ? or * to list all spells.
Flames lash the red devil.
The red devil completely resists.
You hear a shout!
An orc comes into view. It is wielding a +0 dagger.
The hellwing is engulfed in blazing flames.
The hellwing hits you. x2
* * * LOW HITPOINT WARNING * * *
The orc high priest mumbles some strange prayers to Beogh.
An orc priest comes into view. It is wielding a +0 flail.
Unknown command.
You aren't carrying any items that you can evoke.
Unknown command.
Unknown command.
Okay, then.
Unknown command.
Unknown command.
Unknown command.
Press: ? - help, v - describe, . - travel, g - get item
Here: an orc priest, wielding a +0 hand axe and wearing a +0 leather armour (inner flame)
Items here: a +0 dagger; a +0 robe.
The floor.
Unknown command.
Unknown command.
Magic courses through your body.
The orc high priest calls down the wrath of Beogh upon you.
Beogh smites you!
* * * LOW HITPOINT WARNING * * *
The orc priest mumbles some strange prayers to Beogh against you.
Beogh smites you!
You die...

##.############
##..#___#___#__####
.#..#...#__.#._#$o.
.#..###'#'###)##oo
'#..#.).....÷..#o)
#...'.⌠........#4#
#.)[#...######'#o#
....#.⌠.#__#...#4################
....#...#v_#...#@4..#.#.#.....#.^
[...#'###_{#...##.#..#.##.###)#^.
....#.))#__#...'##.#.#)##)#.†##..
....#___#__+...#...#..#..##..'...
▓▓▓▓▓▓▓▓▓▓▓▓▓▓▓▓▓▓▓▓▓▓▓▓▓▓▓▓▓#...
{ { { #..^ +... #... ##+#


You could see an orc high priest (inner flame, combustible), a hellwing
(summoned, combustible), a rust devil (summoned), a red devil (summoned), 2 orc
priests and 2 orcs.

Vanquished Creatures
  Erolcha (D)
  A deep elf pyromancer (D)
  A shadow (D)
  2 redbacks (D)
  An orc warrior (D)
  5 two-headed ogres (D)
  A necrophage (D)
  A water elemental (D)
  A jelly (D)
  2 orc priests (D)
  Crazy Yiuf (D)
  Jessica (D)
  A wizard (D)
  A necromancer (D)
  An orc wizard (D)
  3 humans (D)
  A kobold demonologist (D)
  2 orcs (D)
  2 endoplasms (D)
  A rat (D)
30 creatures vanquished.

Vanquished Creatures (others)
  52 foxfires (D)
52 creatures vanquished.

Grand Total: 82 creatures vanquished

Notes
Turn   | Place    | Note
-------+----------+-------------------------------------------
     0 | D        | Conn the Octopode Fire Elementalist began the quest for the
                  | Orb.
     0 | D        | Reached XP level 1. HP: 11/11 MP: 3/3
    55 | D        | Noticed Jessica
    58 | D        | Killed Jessica
    59 | D        | Reached skill level 5 in Fire Magic
    59 | D        | Reached XP level 2. HP: 17/17 MP: 0/6
    59 | D        | Reached XP level 3. HP: 21/21 MP: 0/7
    79 | D        | Learned a level 2 spell: Scorch
    83 | D        | Learned a level 3 spell: Inner Flame
   131 | D        | Noticed Crazy Yiuf
   228 | D        | Killed Crazy Yiuf
   229 | D        | Reached skill level 6 in Fire Magic
   229 | D        | Reached XP level 4. HP: 27/27 MP: 2/10
   253 | D        | Gained mutation: You have a pair of small antennae on your
                  | head. [potion of mutation]
   253 | D        | Gained mutation: You are resistant to electric shocks.
                  | (rElec) [potion of mutation]
   253 | D        | Gained mutation: You are robust. (+10% HP) [potion of
                  | mutation]
   299 | D        | Learned a level 4 spell: Flame Wave
   303 | D        | Noticed a water elemental
   311 | D        | Noticed a human
   311 | D        | Noticed a human
   317 | D        | Killed a human
   318 | D        | Reached skill level 1 in Maces & Flails
   318 | D        | Reached skill level 5 in Stealth
   318 | D        | Reached skill level 5 in Spellcasting
   318 | D        | Reached skill level 1 in Hexes
   318 | D        | Reached skill level 8 in Fire Magic
   318 | D        | Reached XP level 5. HP: 35/35 MP: 0/13
   320 | D        | Killed a water elemental
   321 | D        | Reached skill level 9 in Fire Magic
   321 | D        | Reached XP level 6. HP: 40/40 MP: 12/15
   326 | D        | Killed a human
   327 | D        | Reached skill level 10 in Fire Magic
   403 | D        | Found an ornate altar of the Wu Jian Council.
   405 | D        | Found a hide-covered altar of Uskayaw.
   405 | D        | Found an iron altar of Okawaru.
   405 | D        | Found a bloodstained altar of Trog.
   412 | D        | Found a basalt altar of Yredelemnul.
   412 | D        | Found a shadowy altar of Dithmenos.
   412 | D        | Found a sacrificial altar of Ru.
   418 | D        | Reached XP level 7. HP: 35/46 MP: 7/17
   486 | D        | Found a radiant altar of Vehumet.
   486 | D        | Found a shimmering blue altar of Sif Muna.
   486 | D        | Found an ancient bone altar of Kikubaaqudgha.
   496 | D        | Became a worshipper of Sif Muna the Loreminder
   510 | D        | Learned a level 6 spell: Summon Cactus Giant
   511 | D        | Found a glowing silver altar of Zin.
   511 | D        | Found a glowing golden altar of the Shining One.
   511 | D        | Found a white marble altar of Elyvilon.
   512 | D        | Noticed a deep elf pyromancer
   519 | D        | Killed a deep elf pyromancer
   520 | D        | Reached skill level 1 in Staves
   520 | D        | Reached skill level 5 in Dodging
   520 | D        | Reached skill level 11 in Fire Magic
   520 | D        | Reached XP level 8. HP: 38/51 MP: 11/20
   581 | D        | Noticed a shadow
   582 | D        | Killed a shadow
   582 | D        | Reached * piety under Sif Muna
   619 | D        | Found a blossoming altar of Fedhas.
   619 | D        | Found a stormy altar of Qazlal.
   620 | D        | Found a snail-covered altar of Cheibriados.
   620 | D        | Found a burning altar of Makhleb.
   620 | D        | Found a hazy altar of Hepliaklqana.
   620 | D        | Found a shimmering altar of Xom.
   620 | D        | Found an opulent altar of Gozag.
   620 | D        | Found a sparkling altar of Nemelex Xobeh.
   620 | D        | Found a corrupted altar of Lugonu.
   620 | D        | Found a viscous altar of Jiyva.
   650 | D        | Reached skill level 1 in Invocations
   766 | D        | Noticed a two-headed ogre
   771 | D        | Killed a two-headed ogre
   771 | D        | Reached ** piety under Sif Muna
   772 | D        | Reached skill level 5 in Summonings
   772 | D        | Reached skill level 12 in Fire Magic
   772 | D        | Noticed Erolcha
   787 | D        | Killed Erolcha
   788 | D        | Reached skill level 10 in Spellcasting
   788 | D        | Reached skill level 5 in Conjurations
   788 | D        | Reached XP level 9. HP: 24/57 MP: 2/23
   939 | D        | Noticed a two-headed ogre
   951 | D        | Killed a two-headed ogre
   951 | D        | Reached *** piety under Sif Muna
   952 | D        | Reached skill level 13 in Fire Magic
   952 | D        | Reached skill level 5 in Invocations
  1091 | D        | Reached **** piety under Sif Muna
  1104 | D        | Noticed an orc high priest
  1107 | D        | Noticed a red devil
  1107 | D        | Noticed a hellwing
  1109 | D        | Noticed a rust devil
  1109 | D        | HP: 1/57 [orc high priest/divine providence (16)]
  1109 | D        | Killed from afar by an orc priest

Illustrated notes

Levels and vault maps discovered:
D:        dungeon_sprint_mu [sprint_mu_entry_cave, sprint_mu_temple_rooms,
          sprint_mu_d1_spiders, sprint_mu_d2_genie, sprint_mu_d3_branching,
          sprint_mu_orc_legion, sprint_mu_elf_gauntlet, sprint_mu_hive_nellie,
          sprint_mu_lair_fedhas, sprint_mu_vaults_butterflies,
          sprint_mu_slime_circle, sprint_mu_shoals_kraken,
          sprint_mu_snake_twists, sprint_mu_blade_basic,
          sprint_mu_crypt_chambers, sprint_mu_tomb_spiral,
          sprint_mu_vestibule_basic, sprint_mu_gehenna_hellfire,
          sprint_mu_dis_giant, sprint_mu_tartarus_statrot,
          sprint_mu_cocytus_islands, sprint_mu_zot1]

Skill      XL: |  1  2  3  4  5  6  7  8  9 |
---------------+----------------------------+-----
Stealth        | 3 4 5 6 7 |  7.0
Spellcasting   | 3 4 5 6 7 8 10 | 10.9
Fire Magic     | 5 6 8 9 10 11 12 13 | 13.1
Dodging        | 3 4 5 |  5.6
Maces & Flails | 1 2 |  2.5
Conjurations   | 2 3 4 5 |  5.4
Hexes          | 1 2 3 |  3.5
Staves         | 1 3 |  3.4
Summonings     | 3 6 7 |  7.0
Invocations    | 4 5 |  5.7
Fighting       | |  0.7
Unarmed Combat | |  0.3

Action                     |  1- 3 |  4- 6 |  7- 9 || total
---------------------------+-------+-------+-------++-------
  Melee: Tentacles         |     1 |       |     1 ||     2
         Unarmed           |     1 |       |       ||     1
         Club              |     1 |       |       ||     1
         Quarterstaff      |       |       |     7 ||     7
         Punch             |       |       |     1 ||     1
   Cast: Foxfire           |     6 |    11 |    14 ||    31
         Scorch            |     4 |     2 |    14 ||    20
         Inner Flame       |     1 |     1 |    11 ||    13
         Flame Wave        |       |     2 |     4 ||     6
    Use: Potion            |       |     4 |     4 ||     8
         Scroll            |       |     2 |     1 ||     3
   Stab: Sleeping          |     1 |       |     2 ||     3
  Dodge: Dodged            |     2 |     2 |    11 ||    15

Table legend: (Time is in decaauts)
 A = Elapsed time spent in this place.
 B = Non-inter-level travel time spent in this place.
 C = Inter-level travel time spent in this place.
 D = Time resting spent in this place.
 E = Time spent auto-exploring this place.
 F = Levels seen in this place.
 G = Mean time per level.
                   A        B        C        D        E       F      G
               +--------+--------+--------+--------+--------+-----+--------+
         Total |   1098 |   1098 |      0 |    602 |      0 |   1 | 1098.0 |
       Dungeon |   1098 |   1098 |      0 |    602 |      0 |   1 | 1098.0 |
               +--------+--------+--------+--------+--------+-----+--------+

Top non-repeatable levels by time:
       D: 1098 daAuts
